Map: Prion Terraces

Players

GREEN - Winner!

  • Race: Zerg Zerg
  • League: Platinum

LilDicky

  • Race: Terran Terran
  • League: Diamond

VOD

http://www.twitch.tv/tumescentpie

Description

Time

  • Played on: Dec. 6, 2015, 5:34 p.m.
  • Length: 8:59
Show
View Real Time Build Order
Export as new Build Order

GREEN Zerg - Winner!

Build Orders: 3 Hatch before Pool 

Get SALT Encoding   

  12  0:01  Drone  
  13  0:13  Drone  
  14  0:20  Extractor  
  14  0:21  Drone x2, Extractor  
  16  0:38  Overlord  
  16  0:51  Hatchery  
  15  0:58  Drone x2  
  15  0:59  Drone  
  18  1:28  Overlord  
  18  1:33  Hatchery  
  18  1:34  Drone x2  
  19  1:44  Spawning Pool  
  19  1:47  Extractor  
  17  1:52  Drone  
  17  1:53  Drone  
  19  2:10  Drone  
  19  2:15  Drone x2  
  22  2:20  Extractor  
  21  2:27  Drone x2  
  23  2:31  Queen  
  23  2:32  Queen  
  23  2:35  Drone  
  23  2:36  Drone  
  29  2:46  Queen  
  31  2:56  Drone  
  31  2:57  Metabolic Boost  
  32  3:00  Drone  
  32  3:03  Zergling x2  
  32  3:04  Zergling x2  
  35  3:08  Drone  
  36  3:15  Overlord  
  36  3:17  Drone x2  
  36  3:18  Drone  
  39  3:25  Drone x2  
  41  3:31  Drone  
  41  3:33  Queen  
  44  3:42  Roach Warren  
  44  3:43  Drone  
  44  3:44  Overlord  
  44  3:51  Drone x2  
  44  3:52  Drone x2  
  44  3:55  Drone x2  
  50  4:03  Drone, Extractor  
  50  4:04  Drone x2, Extractor  
  51  4:10  Drone x2  
  53  4:17  Overlord x2  
  53  4:21  Lair  
  53  4:32  Drone x3  
  53  4:38  Roach x4  
  62  4:39  Roach x2  
  62  4:40  Overlord  
  68  4:50  Drone  
  69  4:53  Overlord x2  
  69  4:58  Spore Crawler  
  68  5:02  Spore Crawler  
  67  5:07  Spore Crawler  
  66  5:20  Overlord  
  66  5:21  Overlord  
  66  5:22  Drone x5  
  66  5:23  Drone  
  66  5:25  Glial Reconstitution  
  66  5:26  Roach x4  
  66  5:27  Roach x3  
  86  5:30  Spire  
  86  5:35  Pneumatized Carapace  
  85  5:39  Ravager x5  
  85  5:41  Ravager  
  91  5:44  Drone x2, Extractor  
  91  5:45  Drone x2, Extractor  
  93  5:57  Roach  
  93  5:58  Roach x3, Zergling x4  
  93  5:59  Zergling x10  
  104  6:15  Roach  
  104  6:16  Roach x5  
  104  6:33  Roach  
  104  6:34  Roach x2  
  104  6:36  Drone  
  111  6:47  Corruptor  
  111  6:49  Overlord  
  111  6:50  Overlord x5  
  113  6:57  Hatchery  
  112  7:10  Mutalisk x2  
  112  7:11  Mutalisk x3  
  120  7:25  Roach  
  120  7:26  Roach x7  
  120  7:27  Overlord x2  
  133  7:40  Overlord x2  
  133  7:41  Overlord x2  
  133  7:57  Hatchery  
  132  8:00  Ravager  
  132  8:03  Ravager x4  
  137  8:19  Zergling x2  
  141  8:20  Zergling x24  
  141  8:26  Drone  
  151  8:27  Infestation Pit  
  152  8:36  Evolution Chamber  
  152  8:37  Evolution Chamber  
Show
View Real Time Build Order
Export as new Build Order

LilDicky Terran 

Build Orders: MMM Bio 

Get SALT Encoding   

  12  0:03  SCV  
  13  0:15  SCV  
  13  0:19  Supply Depot  
  14  0:27  SCV  
  15  0:41  SCV  
  16  0:45  Barracks  
  16  0:53  SCV  
  17  1:05  SCV  
  18  1:17  SCV  
  19  1:31  Marine  
  21  1:33  Orbital Command  
  21  1:37  Command Center  
  20  1:44  Refinery  
  20  1:48  Supply Depot  
  20  1:49  Marine  
  21  2:01  SCV  
  22  2:12  Barracks  
  22  2:13  Barracks  
  23  2:19  SCV  
  23  2:21  Refinery  
  24  2:27  Barracks Tech Lab  
  23  2:31  SCV, Supply Depot  
  24  2:43  SCV  
  25  2:46  Marine  
  25  2:50  Orbital Command  
  26  2:54  Stimpack  
  26  2:55  SCV  
  27  3:04  Barracks Tech Lab  
  27  3:06  Marine  
  27  3:07  SCV  
  27  3:09  Barracks Reactor  
  29  3:17  SCV  
  29  3:19  SCV  
  31  3:23  Marine  
  31  3:24  Marine  
  33  3:28  Combat Shields  
  33  3:30  SCV  
  33  3:31  SCV  
  35  3:41  Marine  
  35  3:42  SCV, Marine  
  35  3:43  SCV  
  35  3:46  Marine x2  
  41  3:49  Factory  
  41  3:54  SCV  
  42  3:56  SCV  
  42  3:57  Supply Depot  
  42  3:59  Marine  
  42  4:00  Marine  
  45  4:04  Marine  
  45  4:06  SCV  
  45  4:07  Marine  
  45  4:08  SCV  
  49  4:17  Marine  
  49  4:18  SCV, Marauder  
  49  4:19  Supply Depot  
  49  4:21  SCV, Marine  
  55  4:24  Supply Depot  
  55  4:25  Marine  
  55  4:30  SCV  
  57  4:33  SCV  
  57  4:34  Starport, Factory Reactor  
  57  4:35  Marine  
  59  4:42  SCV  
  59  4:44  Marine x2  
  59  4:45  SCV, Marauder  
  65  4:47  Supply Depot  
  65  4:51  Concussive Shells  
  65  4:53  Marine  
  65  4:56  SCV  
  65  4:57  SCV  
  68  5:01  Refinery  
  68  5:02  Marine x2  
  68  5:06  Marine  
  71  5:08  SCV  
  71  5:09  SCV  
  71  5:10  Marine  
  74  5:20  Marine x2  
  76  5:24  Marauder  
  78  5:29  Marauder  
  78  5:30  Medivac x2  
  78  5:33  SCV  
  78  5:34  SCV  
  86  5:37  Factory Tech Lab  
  86  5:39  Command Center  
  86  5:54  Supply Depot  
  86  5:55  Supply Depot  
  86  6:04  Marine x3  
  86  6:07  SCV x2, Medivac, Marine  
  83  6:23  Marauder  
  71  6:26  Marauder  
  71  6:29  Marine  
  71  6:30  Marine  
  65  6:33  SCV  
  65  6:37  Barracks x2  
  65  6:38  SCV  
  65  6:39  Barracks  
  67  6:40  Barracks  
  67  6:41  Engineering Bay  
  67  6:42  Engineering Bay  
  67  6:43  Marine  
  67  6:45  Medivac x2  
  75  6:47  Siege Tank  
  75  6:48  Marine x2  
  75  6:49  Marauder  
  79  6:57  SCV x2  
  81  7:03  Orbital Command  
  81  7:08  Supply Depot  
  81  7:09  SCV  
  81  7:10  Refinery  
  81  7:11  SCV  
  81  7:12  Marine  
  81  7:13  Marine  
  85  7:21  SCV, Medivac x2  
  80  7:23  SCV, Marine  
  80  7:28  Barracks Tech Lab, Marine  
  80  7:29  Barracks Tech Lab  
  83  7:33  SCV  
  83  7:35  SCV  
  84  7:48  Siege Tank  
  84  7:49  Marine  
  84  7:50  Marine x3  
  84  7:51  Medivac, Marauder x4  
  101  8:05  SCV x2  
  103  8:06  SCV  
  103  8:10  Marine  
  103  8:11  Marine  
  103  8:12  Marauder, Medivac  
  110  8:17  SCV x2  
  110  8:18  SCV  
  113  8:24  Command Center  
  113  8:26  Armory  
  113  8:29  Marine x7  
  113  8:33  Marine  
Tags
 
Add a new tag
Caveats
  • Supply blocks, unpowered buildings, or Contaminate may cause inaccurate times.
  • Supply counts are checked every 10 seconds.